AoeStats
← Hans-Jürgen

Arena

505977881Analyzed
2v2 RM · 20d ago on Sep 11, 2026· 51m 0s· 4 players
Game mode
Random Map
Map size
Medium (4 player)
Population
200
Speed
Normal
Resources
Standard
Victory
Conquest
Starting age
Dark Age
Ending age
Imperial Age
RankedLock teamsTeams togetherTeam positionsShared explorationLock speedFull tech treeHidden civsTurbo modeCheats
Victory
Defeat
🇨🇦 Tatars · Canada
1003
+12
🇨🇱 Teutons · Chile
968
+13
🇩🇪 Portuguese · Germany
928
-13
🇩🇪 Mongols · Germany
893
-12
IIYYII
3:43 Loom
10:30 Feudal Age
10:56 Double-Bit Axe
10:52 Horse Collar
14:07 Loom
16:48 Castle Age
15:38 Fletching
17:37 Heavy Plow
17:48 Bow Saw
19:11 Padded Archer Armor
21:50 Ballistics
24:22 Bodkin Arrow
26:22 Wheelbarrow
27:27 Hand Cart
27:59 Leather Archer Armor
27:58 Husbandry
28:09 Bloodlines
28:38 Silk Armor
33:50 Imperial Age
31:06 Town Watch
32:31 Masonry
33:03 Scale Barding Armor
34:37 Bracer
34:44 Siege Engineers
34:28 Heavy Cavalry Archer
36:36 Chemistry
35:59 Chain Barding Armor
37:34 Plate Barding Armor
37:39 Ring Archer Armor
37:20 Forging
37:21 Elite Keshik
38:07 Light Cavalry
40:02 Timurid Siegecraft
39:55 Gold Mining
39:56 Stone Mining
39:29 Capped Ram
40:59 Iron Casting
40:28 Siege Ram
42:24 Elite Steppe Lancer
46:34 Town Patrol
47:39 Blast Furnace
47:06 Conscription
50:18 Treadmill Crane
50:34 Murder Holes
50:50 Fortified Wall
50:33 Sappers
50:25 Hussar
50:26 Cavalier
Rogierd
0:41 Loom
11:00 Feudal Age
17:25 Castle Age
17:06 Double-Bit Axe
17:03 Horse Collar
17:20 Gold Mining
17:43 Scale Barding Armor
23:52 Pikeman
30:30 Bow Saw
30:28 Heavy Plow
33:57 Imperial Age
33:35 Fortified Wall
34:50 Chain Barding Armor
36:33 Chemistry
36:21 Capped Ram
37:05 Squires
37:09 Scale Mail Armor
36:31 Elite Teutonic Knight
37:54 Wheelbarrow
36:53 Cavalier
39:06 Block Printing
39:18 Illumination
39:06 Paladin
40:36 Crop Rotation
42:16 Onager
51:55 Chain Mail Armor
Eckzahn
3:57 Loom
12:17 Feudal Age
17:27 Castle Age
15:15 Double-Bit Axe
15:17 Horse Collar
20:37 Bow Saw
24:04 Fervor
25:52 Bloodlines
25:52 Scale Barding Armor
34:05 Imperial Age
33:44 Wheelbarrow
32:55 Town Watch
34:54 Ballistics
34:45 Fortified Wall
34:47 Masonry
36:26 Chemistry
35:51 Heavy Plow
36:56 Two-Man Saw
37:13 Architecture
36:46 Murder Holes
36:59 Siege Engineers
38:27 Conscription
38:51 Town Patrol
41:43 Elite Organ Gun
42:34 Pikeman
Hans-Jürgen
2:31 Loom
10:38 Feudal Age
20:46 Castle Age
20:18 Wheelbarrow
19:54 Horse Collar
20:05 Double-Bit Axe
20:59 Stone Mining
20:59 Gold Mining
22:17 Bow Saw
22:06 Town Watch
23:34 Stone Shaft Mining
24:06 Husbandry
25:05 Fletching
25:26 Forging
25:30 Scale Barding Armor
25:49 Heavy Plow
27:12 Gold Shaft Mining
27:48 Bloodlines
28:45 Murder Holes
29:02 Fortified Wall
31:28 Elite Skirmisher
34:50 Hand Cart
38:09 Ballistics
38:01 Masonry
39:04 Chain Barding Armor
38:42 Bodkin Arrow
38:49 Padded Archer Armor
39:24 Iron Casting
39:52 Nomads
42:30 Imperial Age
41:25 Leather Archer Armor
43:40 Conscription
42:42 Elite Mangudai
46:20 Blast Furnace
45:20 Bracer
45:18 Heavy Camel Rider
46:25 Drill
51:36 Chemistry
Connection lost

Rejoining the realm…

Still unreachable

The connection could not be restored.

Session expired

The server has moved on; the page needs a fresh start.